 Dungeon Crawl Stone Soup version 0.16-a0-3596-g438c78e (webtiles) character file.

182 PolkaDot the Vexing (level 5, -2/35 HPs)
             Began as a Vampire Enchanter on Jan 12, 2015.
             Slain by a wight
             ... wielding a +1 scimitar of freezing
              (9 damage)
             ... on level 3 of the Dungeon.
             The game lasted 00:10:01 (3578 turns).

PolkaDot the Vexing (Vampire Enchanter)             Turns: 3578, Time: 00:10:02

Health: -2/35      AC:  0    Str:  2    XL:     5   Next: 34%
Magic:  6/9        EV: 20    Int: 18    God:
Gold:   136        SH:  0    Dex: 19    Spells: 3 memorised, 2 levels left

rFire  . . .     SeeInvis +     a - melded +1 dagger
rCold  + + .     Clarity  .     b - melded +1 robe
rNeg   + + +     SustAb   .     (shield currently unavailable)
rPois  ∞         Gourm    .     (helmet currently unavailable)
rElec  .         Spirit   .     (cloak currently unavailable)
rCorr  .         Warding  .     m - melded +0 pair of gloves
rMut   .         Stasis   .     (boots currently unavailable)
MR     .....                    (no amulet)
Stlth  ++++......               (ring currently unavailable)
                                j - melded +2 ring of dexterity

@: bat-form, flying, bloodless, non-regenerating, very quick, not resistant to
hostile enchantments, stealthy
A: bottle blood, (fangs 0), see invisible, (unbreathing)
a: End Transformation


You were on level 3 of the Dungeon.
You were bloodless.
You were in vampire-bat-form.
You visited 1 branch of the dungeon, and saw 3 of its levels.

You collected 136 gold pieces.

Inventory:

Hand weapons
 a - a +1 dagger (melded)
Armour
 b - a +1 robe (melded)
 m - a +0 pair of gloves (melded)
Jewellery
 j - a +2 ring of dexterity (melded)
Magical devices
 w - a wand of frost (20)
Scrolls
 d - 2 scrolls of magic mapping {unknown}
 e - 4 scrolls of remove curse {unknown}
 f - 3 scrolls of teleportation {unknown}
 g - 3 scrolls of identify {unknown}
 k - a scroll of noise {unknown}
 n - 2 scrolls of enchant weapon {unknown}
 o - a scroll of fog {unknown}
 p - a scroll of blinking {unknown}
 r - a scroll of amnesia {unknown}
 s - a scroll of recharging {unknown}
 u - a scroll of immolation {unknown}
Potions
 h - a potion of brilliance {unknown}
 i - a potion of curing
 l - 2 potions of agility
 q - a potion of degeneration {unknown}
 t - a potion of ambrosia {unknown}
 v - a potion of haste {unknown}
Books
 c - a book of Maledictions

   Spells                             Type                      Level
   a - Corona                         Hexes                        1
   b - Sure Blade                     Hexes/Charms                 2
   c - Ensorcelled Hibernation        Hexes/Ice                    2
   d - Confuse                        Hexes                        3
   e - Dazzling Spray                 Conjuration/Hexes            3
   f - Enslavement                    Hexes                        4


   Skills:
 + Level 2.9 Short Blades
 - Level 2.1 Dodging
 + Level 5.9 Stealth
 - Level 2.0 Spellcasting
 * Level 6.6 Hexes
 - Level 1.4 Ice Magic


You had 2 spell levels left.
You knew the following spells:

 Your Spells              Type           Power        Failure   Level  Hunger
a - Corona                Hex            ####...      6%          1    #......
c - Confuse               Hex            ####....     12%         3    ###....
d - Ensorcelled Hibernat  Hex/Ice        ###...       17%         2    ###....


Dungeon Overview and Level Annotations

Branches:
Dungeon (3/15)

Altars:
Fedhas

Annotations:
D:3 Grinder


Innate Abilities, Weirdness & Mutations

You do not heal naturally.
You can bottle blood from corpses.
((You have razor-sharp teeth.))
You have supernaturally acute eyesight.
((You can survive without breathing.))


Message History

The wight hits you with a scimitar of freezing!
* * * LOW HITPOINT WARNING * * *
You hit the wight.
The wight is moderately damaged.
The wight hits the wight but does no damage.
The wight hits itself but does no damage.
Firing (i - inventory): No suitable missiles.
Press: ? - help, Shift-Dir - straight line, f/p - wight
Aim: a wight, wielding a falchion and wearing a robe (moderately damaged, bewildered and confused)
Okay, then.
The hobgoblin misses you. The wight misses you.
Use which ability? (? or * to list)
You turn into a vampire bat.
Your +1 dagger melds into your body.
Your +0 pair of gloves melds into your body.
Your +1 robe melds into your body.
Your +2 ring of dexterity melds into your body.
You feel clumsy.
The wight hits you with a scimitar of freezing!
You die...

##...........z...#............#
..........#.....(#..#'#########
.[.............#......#
##............(....####
##.#.#........###### #########
z###............## #.......# .#
#.......(...z.# #.......#
.###...........gz# #.......#
................b# #.......#
#..#.#.....(.....# #.......#
#..........##..#.# #.......#
##.#.#.#...##..#.#####.......#
#.#.......##................#
#.#.##....##'#.#(........####
##.#......................#
.#...###..................#
.##..# #..................#


You could see 2 wights and a hobgoblin.

Vanquished Creatures
  A wight (D:2)
  6 adders
  A worm (D:2)
  An ooze (D:1)
  6 orcs (D:3)
  2 ball pythons
  10 bats
  3 giant cockroaches
  10 hobgoblins
  5 jackals
  3 quokkas
  2 giant newts
  9 goblins
  8 kobolds
  6 rats
73 creatures vanquished.

Notes
Turn   | Place    | Note
--------------------------------------------------------------
     0 | D:1      | PolkaDot, the Vampire Enchanter, began the quest for the Orb.
     0 | D:1      | Reached XP level 1. HP: 13/13 MP: 3/3
   484 | D:1      | Reached XP level 2. HP: 19/19 MP: 4/4
   489 | D:1      | Learned a level 2 spell: Ensorcelled Hibernation
   678 | D:1      | Reached skill level 1 in Ice Magic
  1431 | D:2      | Reached XP level 3. HP: 24/24 MP: 6/6
  1436 | D:2      | Learned a level 3 spell: Confuse
  1445 | D:2      | Reached skill level 5 in Hexes
  1917 | D:2      | Reached skill level 5 in Stealth
  1917 | D:2      | Reached XP level 4. HP: 30/30 MP: 4/7
  2735 | D:2      | Reached skill level 6 in Hexes
  2735 | D:2      | Reached XP level 5. HP: 16/35 MP: 5/9
  2771 | D:3      | Noticed Grinder
  2989 | D:3      | Found a blossoming altar of Fedhas.
  3578 | D:3      | Slain by a wight

Action                   |  1- 3 |  4- 6 || total
-------------------------+-------+-------++-------
Melee: Dagger            |   105 |    92 ||   197
 Cast: Corona            |     4 |       ||     4
       Ensorcelled Hiber |     8 |    19 ||    27
       Confuse           |       |     6 ||     6
 Abil: Bat Form          |       |     1 ||     1
  Use: Potion            |     1 |     4 ||     5
 Stab: Sleeping          |    15 |    22 ||    37
       Distracted        |       |     1 ||     1
       Confused          |       |     1 ||     1
